 Dungeon Crawl Stone Soup version 0.28.0 (webtiles) character file.

Game seed: 1437610545396690130

34817 ragingrage the Executioner (level 13, -6/118 HPs)
             Began as a Minotaur Berserker on Feb 6, 2022.
             Was an Elder of Trog.
             Mangled by a komodo dragon (12 damage)
             ... on level 3 of the Lair of Beasts.
             The game lasted 00:11:13 (17609 turns).

ragingrage the Executioner (Minotaur Berserker)    Turns: 17609, Time: 00:11:13

Health: -6/118     AC: 24    Str: 27    XL:     13   Next: 44%
Magic:  12/12      EV: 10    Int:  4    God:    Trog [****..]
Gold:   861        SH:  0    Dex: 10    Spells: 12/12 levels left

rFire   . . .      SeeInvis +   p - +1 battleaxe (elec)
rCold   . . .      Faith    +   (shield currently unavailable)
rNeg    . . .      Spirit   .   c - +2 chain mail {rPois}
rPois   +          Reflect  .   K - +1 hat
rElec   .          Harm     .   l - +1 cloak
rCorr   .          Rampage  .   C - +0 pair of gloves
Will    .....                   d - +0 pair of boots
Stlth   ..........              t - amulet of faith
HPRegen 0.29/turn               m - ring of see invisible
MPRegen 0.13/turn               v - +4 ring of protection

@: on berserk cooldown, slowed, very slow
A: horns 2, retaliatory headbutt
a: Renounce Religion, Berserk, Trog's Hand, Brothers in Arms


You were on level 3 of the Lair of Beasts.
You worshipped Trog.
Trog was greatly pleased with you.
You visited 2 branches of the dungeon, and saw 16 of its levels.

You collected 1116 gold pieces.
You spent 255 gold pieces at shops.

Inventory:

Hand Weapons
 p - a +1 battleaxe of electrocution (weapon)
 I - a +6 executioner's axe
Missiles
 k - 38 poisoned darts (quivered)
 y - a throwing net
 L - a curare-tipped dart
Armour
 c - a +2 chain mail of poison resistance (worn)
 d - a +0 pair of boots (worn)
 l - a +1 cloak (worn)
 C - a +0 pair of gloves (worn)
 K - a +1 hat (worn)
Jewellery
 m - a ring of see invisible (left hand)
 s - a ring of ice
 t - an amulet of faith (around neck)
 v - a +4 ring of protection (right hand)
 D - a ring of positive energy
 F - a ring of fire
 J - a ring of poison resistance
 M - a ring of ice
Wands
 b - a wand of flame (21)
 z - a wand of digging (2)
 A - a wand of paralysis (4)
 E - a wand of iceblast (4)
 G - a wand of charming (12)
Scrolls
 e - 7 scrolls of teleportation
 f - 3 scrolls of vulnerability
 i - 2 scrolls of blinking
 j - 5 scrolls of fear
 n - 2 scrolls of immolation
 q - a scroll of magic mapping
 r - 17 scrolls of identify
 u - a scroll of enchant armour
Potions
 a - a potion of berserk rage
 g - 4 potions of curing
 h - 4 potions of cancellation
 o - a potion of heal wounds
 w - 3 potions of ambrosia
 x - a potion of lignification {unknown}
 B - a potion of resistance {unknown}
 H - a potion of invisibility {unknown}


   Skills:
 + Level 12.0 Fighting
 + Level 22.0 Axes
 + Level 10.7 Armour
 - Level 5.0 Dodging


You had 12 spell levels left.
You didn't know any spells.
Your spell library was empty.

Dungeon Overview and Level Annotations

Branches:
Dungeon (13/15)            Temple (0/1) D:7            Lair (3/6) D:10
 Shoals (0/4) Lair:2       Spider (0/4) Lair:2          Orc (0/2) D:10
 Vaults (0/5) D:13

Altars:
Okawaru
Qazlal
Ru
Vehumet

Shops:
D:3 !   D:6 ?   D:7 (


Innate Abilities, Weirdness & Mutations

You have a pair of horns on your head.
You reflexively headbutt those who attack you in melee.


Message History

You barely miss the komodo dragon.
The blink frog hits you but does no damage.
The blink frog hits you!
The blink frog hits you but does no damage. x2
The komodo dragon hisses menacingly.
The komodo dragon bites you but does no damage.
You closely miss the blink frog. Your headbutt misses the blink frog.
The blink frog is moderately wounded.
You slash the blink frog!
You hit the komodo dragon but do no damage.
You barely miss the blink frog.
The blink frog hits you but does no damage. x2
The blink frog closely misses you. You furiously retaliate!
You headbutt the blink frog.
The blink frog hits you but does no damage.
The komodo dragon bites you but does no damage.
The blink frog blinks!
You closely miss the blink frog.
The blink frog is almost dead.
You slash the komodo dragon! You hit the blink frog.
Lightning courses through the blink frog!
The blink frog blinks!
The blink frog hits you. The komodo dragon bites you!!
You closely miss the komodo dragon. You hit the komodo dragon.
You closely miss the blink frog.
The blink frog blinks!
The komodo dragon bites you!!
The blink frog blinks!
The teleport trap disappears.
The blink frog disappears!
The komodo dragon bites you but does no damage.
You slice the komodo dragon like a ripe choko!!!
You headbutt the komodo dragon!
You kill the komodo dragon!
Trog accepts your kill.
You slice the komodo dragon!!
You hear a croak.
The blink frog blinks!
The komodo dragon bites you!!
* * * LOW HITPOINT WARNING * * *
You fail to use your ability.
The blink frog blinks!
The komodo dragon bites you!!
* * * LOW HITPOINT WARNING * * *
The komodo dragon bites you!
You die...

P#.# #########
...P###...#.P..
......=........
.............
...........
##PP....##
#P.......####
##PP..@.....#.
#...†Fl.......
##.......##.##
#...††.#.#
#...........
................
..........(.....
................
...............


You could see a komodo dragon and a blink frog.

Vanquished Creatures
  Gastronok (Lair:2)
  Kirke (D:13)
  An ironbound preserver (D:13)
  A boulder beetle (D:11)
  4 hydras
  8 two-headed ogres
  6 centaur warriors (D:13)
  A tengu warrior (D:13)
  Urug (D:11)
  An orb spider (Lair:2)
  A cyclops (D:13)
  2 deep elf pyromancers
  4 manticores
  A gargoyle (D:12)
  3 cane toads
  A kobold demonologist (D:13)
  7 komodo dragons
  3 meliai (D:13)
  3 trolls
  A wind drake (Lair:2)
  Grinder (D:4)
  Sigmund (D:4)
  2 water elementals (D:12)
  A spriggan (shapeshifter) (D:13)
  A wyvern (Lair:3)
  11 yaks
  2 shadows
  3 vampire mosquitoes (D:5)
  A hog (D:13)
  2 steam dragons
  A basilisk (Lair:1)
  Menkaure (D:7)
  2 acid dragons
  6 water moccasins
  2 ice beasts
  A sky beast (D:8)
  7 orc warriors
  An ogre (D:10)
  A necrophage (D:4)
  10 wolves
  6 centaurs
  A phantom (D:6)
  7 kobold brigands
  5 bullfrogs
  2 wyvern zombies (D:6)
  A gnoll sergeant (D:10)
  2 scorpions
  2 water moccasin zombies (D:6)
  4 killer bees (D:8)
  An electric eel (D:12)
  10 howler monkeys
  2 bullfrog zombies (D:6)
  2 hounds (D:6)
  11 centaur zombies
  A jelly (D:4)
  4 centaur skeletons
  8 orc priests
  6 iguanas
  Jessica (D:2)
  A gnoll shaman (D:8)
  A scorpion zombie (D:5)
  7 orc wizards
  4 hell rats (Lair:2)
  2 killer bee zombies (D:6)
  3 howler monkey zombies (D:6)
  Robin (D:2)
  9 gnolls
  5 adders
  A howler monkey skeleton (D:6)
  A white imp (D:6)
  2 adder skeletons (D:4)
  8 worms
  3 dart slugs
  50 orcs
  9 endoplasms
  5 giant cockroaches
  13 hobgoblins
  7 jackals
  5 quokkas
  6 ball pythons
  6 bats
  5 frilled lizards
  17 goblins
  29 kobolds
  4 rats
388 creatures vanquished.

Vanquished Creatures (collateral kills)
  3 orc warriors (D:10)
  3 orc priests (D:10)
  An orc wizard (D:10)
  5 orcs (D:10)
12 creatures vanquished.

Vanquished Creatures (others)
  A human (D:13)
  A fungus (Lair:2)
  5 plants
  7 withered plants (D:6)
14 creatures vanquished.

Grand Total: 414 creatures vanquished

Notes
Turn   | Place    | Note
-------+----------+-------------------------------------------
     0 | D:1      | ragingrage the Minotaur Berserker began the quest for the
                  | Orb.
     0 | D:1      | Reached XP level 1. HP: 19/19 MP: 0/0
   297 | D:1      | Reached skill level 4 in Axes
   348 | D:1      | Reached XP level 2. HP: 27/27 MP: 1/1
   504 | D:1      | Found a faded altar of an unknown god.
   515 | D:1      | Reached XP level 3. HP: 32/33 MP: 2/2
   808 | D:1      | Reached ** piety under Trog
  1071 | D:2      | Reached skill level 5 in Axes
  1223 | D:2      | Noticed Jessica
  1231 | D:2      | Killed Jessica
  1232 | D:2      | Reached XP level 4. HP: 41/41 MP: 3/3
  1726 | D:2      | Noticed Robin
  1739 | D:2      | Reached *** piety under Trog
  1741 | D:2      | Killed Robin
  1742 | D:2      | Reached skill level 6 in Axes
  1748 | D:2      | Reached XP level 5. HP: 44/47 MP: 4/4
  2040 | D:3      | Reached skill level 5 in Fighting
  2423 | D:3      | Found Jyheor's Distillery.
  2437 | D:3      | Bought a potion of heal wounds for 55 gold pieces
  2528 | D:3      | Reached skill level 7 in Axes
  2542 | D:3      | Reached XP level 6. HP: 56/56 MP: 5/5
  2914 | D:4      | Noticed Sigmund
  2921 | D:4      | Killed Sigmund
  2922 | D:4      | Reached skill level 8 in Axes
  2922 | D:4      | Reached XP level 7. HP: 63/63 MP: 6/6
  3079 | D:4      | Reached **** piety under Trog
  3416 | D:4      | Noticed Grinder
  3426 | D:4      | Killed Grinder
  3427 | D:4      | Reached skill level 9 in Axes
  3815 | D:5      | Entered Level 5 of the Dungeon
  3823 | D:5      | Reached skill level 10 in Axes
  4071 | D:5      | Noticed a vampire mosquito
  4071 | D:5      | Noticed a vampire mosquito
  4071 | D:5      | Noticed a vampire mosquito
  4076 | D:5      | Killed a vampire mosquito
  4077 | D:5      | Reached XP level 8. HP: 70/70 MP: 7/7
  4079 | D:5      | Reached skill level 11 in Axes
  4440 | D:5      | Found a stormy altar of Qazlal.
  4689 | D:6      | Reached skill level 12 in Axes
  4918 | D:6      | Reached skill level 13 in Axes
  4937 | D:6      | Reached XP level 9. HP: 50/75 MP: 8/8
  5182 | D:6      | Found Wazeid's Magic Scroll Shoppe.
  5189 | D:6      | Bought a scroll of teleportation for 30 gold pieces
  5189 | D:6      | Bought a scroll of blinking for 75 gold pieces
  5189 | D:6      | Bought a scroll of enchant weapon for 75 gold pieces
  5189 | D:6      | Bought a scroll of identify for 20 gold pieces
  5518 | D:7      | Noticed Menkaure
  5526 | D:7      | Killed Menkaure
  5711 | D:7      | Reached skill level 14 in Axes
  6196 | D:7      | Noticed a two-headed ogre
  6202 | D:7      | Killed a two-headed ogre
  6203 | D:7      | Reached skill level 15 in Axes
  6481 | D:7      | Found a staircase to the Ecumenical Temple.
  6544 | D:7      | Reached skill level 16 in Axes
  6617 | D:7      | Found Hemisak's Antique Weapon Shoppe.
  7005 | D:8      | Reached XP level 10. HP: 74/83 MP: 9/9
  7560 | D:8      | Reached skill level 17 in Axes
  7737 | D:9      | Reached ***** piety under Trog
  7885 | D:9      | Noticed a two-headed ogre
  7895 | D:9      | Killed a two-headed ogre
  7900 | D:9      | Reached skill level 18 in Axes
  8555 | D:9      | Found a sacrificial altar of Ru.
  8766 | D:10     | Entered Level 10 of the Dungeon
  9013 | D:10     | Noticed a two-headed ogre
  9017 | D:10     | Killed a two-headed ogre
  9018 | D:10     | Reached skill level 19 in Axes
  9018 | D:10     | Reached XP level 11. HP: 83/89 MP: 10/10
  9041 | D:10     | Found a staircase to the Lair.
  9809 | D:10     | Received a gift from Trog
  9820 | D:10     | Reached skill level 20 in Axes
 10035 | D:10     | Noticed a two-headed ogre
 10039 | D:10     | Killed a two-headed ogre
 10336 | D:10     | Found a radiant altar of Vehumet.
 10344 | D:10     | Found an iron altar of Okawaru.
 10412 | D:10     | Found a staircase to the Orcish Mines.
 10567 | D:11     | Noticed Urug
 10574 | D:11     | Killed Urug
 10707 | D:11     | Noticed a boulder beetle
 10717 | D:11     | Killed a boulder beetle
 10974 | D:11     | Noticed a deep elf pyromancer
 10987 | D:11     | Killed a deep elf pyromancer
 11281 | D:11     | Noticed a two-headed ogre
 11288 | D:11     | Killed a two-headed ogre
 11356 | D:11     | You fall into a shaft and drop 1 floor!
 11358 | D:12     | Noticed a two-headed ogre
 11368 | D:12     | Killed a two-headed ogre
 11369 | D:12     | Reached skill level 5 in Armour
 11568 | D:13     | Noticed a two-headed ogre
 11572 | D:13     | Killed a two-headed ogre
 11744 | D:12     | Noticed a two-headed ogre
 11924 | D:13     | Killed a two-headed ogre
 11925 | D:13     | Reached skill level 5 in Dodging
 12118 | D:13     | Noticed Kirke
 12122 | D:13     | Reached XP level 12. HP: 98/102 MP: 11/11
 12125 | D:13     | Noticed a centaur warrior
 12127 | D:13     | Killed Kirke
 12132 | D:13     | Killed a centaur warrior
 12634 | D:13     | Noticed a centaur warrior
 12643 | D:13     | Killed a centaur warrior
 12853 | D:13     | Noticed a centaur warrior
 12854 | D:13     | Noticed an ironbound preserver
 12858 | D:13     | Killed a centaur warrior
 12859 | D:13     | Noticed a centaur warrior
 12859 | D:13     | Noticed a four-headed hydra
 12938 | D:13     | Found a gate to the Vaults.
 12946 | D:13     | Killed a six-headed hydra
 12951 | D:13     | Killed a centaur warrior
 13018 | D:13     | Killed an ironbound preserver
 13019 | D:13     | Reached skill level 21 in Axes
 13274 | D:13     | Noticed a centaur warrior
 13274 | D:13     | Noticed a tengu warrior
 13282 | D:13     | Killed a centaur warrior
 13289 | D:13     | Killed a tengu warrior
 13290 | D:13     | Reached skill level 10 in Fighting
 13579 | D:13     | Noticed an eight-headed hydra
 13579 | D:13     | Noticed a centaur warrior
 13584 | D:13     | Killed an 11-headed hydra
 13586 | D:13     | Killed a centaur warrior
 15372 | Lair:1   | Entered Level 1 of the Lair of Beasts
 15448 | Lair:1   | Reached XP level 13. HP: 104/115 MP: 12/12
 16232 | Lair:2   | Found a staircase to the Shoals.
 16412 | Lair:2   | Reached skill level 10 in Armour
 16597 | Lair:2   | Noticed Gastronok
 16611 | Lair:2   | Killed Gastronok
 16754 | Lair:2   | Found a hole to the Spider Nest.
 17593 | Lair:3   | Reached skill level 22 in Axes
 17608 | Lair:3   | HP: 5/118 [komodo dragon (22)]
 17609 | Lair:3   | Mangled by a komodo dragon

Illustrated notes

Levels and vault maps discovered:
D:1:      dpeg_cavernosity, layout_basic, chequers_ecumenical_altar_island
D:2:      layout_basic, uniq_robin, uniq_jessica
D:3:      layout_loops_ring, serial_shops, shop, dk_noncrumbling_3,
          glass_columns_c
D:4:      layout_basic, uniq_sigmund, uniq_grinder
D:5:      layout_basic, mainiacjoe_overflow_alcove_2
D:6:      layout_loops_cross, serial_shops, shop, serial_undead,
          serial_undead_f, serial_undead_f, serial_undead_d, serial_undead_f,
          serial_undead_e, serial_undead_b, serial_undead_a, serial_undead_f,
          hangedman_abyss_or_decor_lesser_grid
D:7:      layout_basic, minmay_temple_entry_crystal_x, serial_shops,
          nicolae_take_the_stairs, uniq_menkaure
D:8:      layout_gridville
D:9:      layout_rooms, mainiacjoe_overflow_small_starburst
D:10:     minmay_inner_zag, layout_basic, amethyst_overflow_temple_binary,
          lair_entry_dummy, david_orc_4, special_room [special_room_orc]
D:11:     layout_basic, uniq_urug
D:12:     layout_basic
D:13:     layout_loops_ring, skrybe_vaults_entry_preservation,
          dk_noncrumbling_4, uniq_kirke
Lair:1:   wander_river, layout_misc_corridors
Lair:2:   beast_lair_carwin_large_3, layout_long_grid,
          minmay_shoals_entry_beasts, nicolae_spider_entry_orb_guardian,
          uniq_gastronok
Lair:3:   layout_regular_city

Skill      XL: |  1  2  3  4  5  6  7  8  9 10 11 12 13 |
---------------+----------------------------------------+-----
Axes           | 4 5 6 7 8 10 13 16 19 20 21 22 | 22.0
Fighting       | 4 5 6 8 10 12 | 12.0
Armour         | 5 9 10 | 10.7
Dodging        | 5 |  5.0

Action                   |  1- 3 |  4- 6 |  7- 9 | 10-12 | 13-15 || total
-------------------------+-------+-------+-------+-------+-------++-------
Melee: Hand axe          |    59 |   137 |     1 |       |       ||   197
       Headbutt          |     8 |    23 |    29 |    53 |    23 ||   136
       Punch             |       |     4 |       |       |       ||     4
       Battleaxe         |       |       |   174 |   330 |   114 ||   618
Throw: Dart              |       |       |       |       |     6 ||     6
Invok: Berserk           |     3 |     5 |     7 |    15 |     4 ||    34
       Trog's Hand       |       |       |       |     3 |       ||     3
       Brothers in Arms  |       |       |       |     2 |       ||     2
  Use: Scroll            |       |       |     8 |     4 |     6 ||    18
 Stab: Sleeping          |     2 |       |       |       |       ||     2
       Distracted        |       |     1 |       |       |       ||     1
Armor: Animal skin       |    14 |       |       |       |       ||    14
       Chain mail        |     3 |    73 |   111 |   211 |    69 ||   467
       Scale mail        |     2 |       |       |       |       ||     2
Dodge: Dodged            |    42 |    35 |    81 |   173 |    61 ||   392
